 Dungeon Crawl Stone Soup version 0.27-a0-909-g0721f309d1 (webtiles) character file.

Game seed: 9050033876861782935

95 gruber the Firebug (level 4, -1/27 HPs)
             Began as an Octopode Fire Elementalist on Apr 8, 2021.
             Slain by Ijyb
             ... wielding a +0 club
              (2 damage)
             ... on level 3 of the Dungeon.
             The game lasted 00:03:15 (3484 turns).

gruber the Firebug (Octopode Fire Elementalist)     Turns: 3484, Time: 00:03:15

Health: -1/27      AC:  1    Str:  7    XL:     4   Next: 66%
Magic:  0/7        EV: 13    Int: 18    God:
Gold:   84         SH:  0    Dex: 18    Spells: 3/7 levels left

rFire    . . .     SeeInvis .   k - +1 short sword (speed)
rCold    . . .     Faith    .   (no shield)
rNeg     . . .     Spirit   .   (helmet restricted)
rPois    .         Reflect  .   (no amulet)
rElec    .         Harm     .   a - ring of resist corrosion
rCorr    +         Rampage  .   g - +6 ring of dexterity
Will     .....                  (no ring)
Stlth    +++.......             (no ring)
HPRegen  0.09/turn              (no ring)
MPRegen  0.10/turn              (no ring)
                                (no ring)
                                (no ring)

@: no status effects
A: almost no armour, amphibious, 8 rings, camouflage 1, gelatinous body 1,
(nimble swimmer 1), tentacles
a: no special abilities


You were on level 3 of the Dungeon.
You visited 1 branch of the dungeon, and saw 3 of its levels.

You collected 139 gold pieces.
You spent 55 gold pieces at shops.

Inventory:

Hand Weapons
 k - a +1 short sword of speed (weapon)
Jewellery
 a - a ring of resist corrosion (left tentacle)
 g - a +6 ring of dexterity (right tentacle)
Scrolls
 b - 3 scrolls of identify
 c - a scroll of fear {unknown}
 d - 3 scrolls of teleportation
 i - a scroll of amnesia {unknown}
 j - a scroll of enchant weapon {unknown}
Potions
 e - a potion of degeneration {unknown}
 f - 3 potions of heal wounds {unknown}
 h - a potion of lignification {unknown}


   Skills:
 * Level 1.0 Short Blades
 + Level 0.1 Maces & Flails
 - Level 2.0 Dodging
 - Level 2.6 Stealth
 - Level 2.0 Spellcasting
 - Level 1.0 Conjurations
 - Level 5.0 Fire Magic
 + Level 0.1 Poison Magic


You had 3 spell levels left.
You knew the following spells:

 Your Spells              Type           Power      Damage    Failure   Level
a - Foxfire               Conj/Fire      48%        2x1d6     5%          1
b - Conjure Flame         Conj/Fire      12%        6-21      16%         3

Your spell library contained the following spells:

 Spells                   Type           Power      Damage    Failure   Level
 Inner Flame              Hex/Fire       10%        N/A       19%         3
 Sticky Flame             Conj/Fire      12%        2d4       45%         4
 Fireball                 Conj/Fire      6%         3d5       82%         5


Dungeon Overview and Level Annotations

Branches:
Dungeon (3/15)

Altars:

Shops:
D:2 ?

Annotations:
D:3 Ijyb, Sigmund


Innate Abilities, Weirdness & Mutations

You cannot wear most types of armour.
You are amphibious.
You can wear up to eight rings at the same time.
Your skin changes colour to match your surroundings (Stealth+).
Your rubbery body absorbs attacks. (AC +1, EV +1)
((You are camouflaged near water. (Stealth+)))
You have tentacles for arms and can constrict up to eight enemies at once.


Message History

Confirm with . or Enter, or press ? or * to list all spells.
You conjure some foxfire!
The foxfire hits Ijyb but does no damage.
Ijyb is lightly wounded.
The foxfire hits Ijyb but does no damage.
Ijyb is lightly wounded.
Ijyb zaps a wand.
The puff of flame hits you!
Casting: Foxfire (safe; 5% risk of failure)
Confirm with . or Enter, or press ? or * to list all spells.
You conjure some foxfire!
The foxfire hits Ijyb.
Ijyb is lightly wounded.
Casting: Foxfire (safe; 5% risk of failure)
Confirm with . or Enter, or press ? or * to list all spells.
You conjure some foxfire!
The foxfire hits Ijyb but does no damage.
Ijyb is lightly wounded.
The foxfire hits Ijyb.
Ijyb is moderately wounded.
The foxfire hits Ijyb.
Ijyb is moderately wounded.
Unknown command.
Casting: Foxfire (safe; 5% risk of failure)
Confirm with . or Enter, or press ? or * to list all spells.
You conjure some foxfire!
The foxfire hits Ijyb.
Ijyb is heavily wounded.
The foxfire hits the endoplasm.
The endoplasm is almost dead.
Ijyb zaps a wand.
The puff of flame hits you!
* * * LOW HITPOINT WARNING * * *
An adder comes into view.
Unknown command.
Casting: Foxfire (safe; 5% risk of failure)
Confirm with . or Enter, or press ? or * to list all spells.
You conjure some foxfire!
The foxfire hits Ijyb but does no damage.
Ijyb is heavily wounded.
The foxfire hits Ijyb but does no damage.
Ijyb is heavily wounded.
Ijyb hits you with a +0 club.
You die...

# ### .#. #..
....###.#
#../o..#####.(
#............#
#J@g.....#
#.§vv.....#
#.........S.
...........##
#.#
#...........#
#.# #.#
#...........#
#.# #.#
#.#...#..####
#.#
#.###..........#
#.#
#.......#...#..#


You could see Ijyb (ally target), an adder, an orc and an endoplasm.

Vanquished Creatures
  A hound (D:2)
  A gnoll (D:3)
  An adder (D:2)
  A worm (D:2)
  2 dart slugs
  An orc (D:3)
  3 bats
  2 endoplasms (D:1)
  A giant cockroach (D:2)
  2 goblins (D:1)
  4 hobgoblins
  4 jackals (D:1)
  2 quokkas
  A ball python (D:2)
  A frilled lizard (D:1)
  9 kobolds
  2 rats (D:1)
38 creatures vanquished.

Vanquished Creatures (collateral kills)
  2 foxfires (D:3)
2 creatures vanquished.

Vanquished Creatures (others)
  174 foxfires
  6 plants (D:3)
180 creatures vanquished.

Grand Total: 220 creatures vanquished

Notes
Turn   | Place    | Note
-------+----------+-------------------------------------------
     0 | D:1      | gruber the Octopode Fire Elementalist began the quest for
                  | the Orb.
     0 | D:1      | Reached XP level 1. HP: 11/11 MP: 3/3
   367 | D:1      | Reached XP level 2. HP: 13/17 MP: 0/5
   955 | D:1      | Reached skill level 4 in Fire Magic
  1138 | D:1      | Reached XP level 3. HP: 20/21 MP: 6/6
  1796 | D:2      | Found Gomaixtu's Magic Scroll Emporium.
  1805 | D:2      | Bought a scroll of identify for 22 gold pieces
  1805 | D:2      | Bought a scroll of teleportation for 33 gold pieces
  1972 | D:2      | Reached XP level 4. HP: 27/27 MP: 1/7
  2332 | D:2      | Reached skill level 5 in Fire Magic
  3030 | D:3      | Found a faded altar of an unknown god.
  3143 | D:3      | Noticed Sigmund
  3233 | D:2      | Learned a level 3 spell: Conjure Flame
  3267 | D:3      | Reached skill level 1 in Short Blades
  3477 | D:3      | Noticed Ijyb
  3483 | D:3      | HP: 1/27 [Ijyb/puff of flame (8)]
  3484 | D:3      | Slain by Ijyb

Illustrated notes

Levels and vault maps discovered:
D:1:      elethiomel_arrival_maze, layout_basic, minmay_pentomino_s4
D:2:      layout_basic, serial_shops,
          nicolae_shop_temple_entry_statues_fountains
D:3:      layout_loops_ring, shapermc_ecumenical_altar_mp_ritualfount,
          grunt_decor_mini_mirrors, uniq_robin, uniq_ijyb, uniq_sigmund

Skill      XL: |  1  2  3  4 |
---------------+-------------+-----
Fire Magic     | 4 5 |  5.0
Short Blades   | 1 |  1.0
Maces & Flails | |  0.1
Dodging        | |  2.0
Stealth        | |  2.6
Spellcasting   | |  2.0
Conjurations   | |  1.0
Poison Magic   | |  0.1

Action                   |  1- 3 |  4- 6 || total
-------------------------+-------+-------++-------
Melee: Unarmed           |    23 |       ||    23
       Tentacles         |     7 |     1 ||     8
       Constrict         |     7 |     1 ||     8
       Short sword       |       |     9 ||     9
 Cast: Foxfire           |    51 |    52 ||   103
 Stab: Sleeping          |     3 |     1 ||     4
Armor: Skin              |     5 |       ||     5
Dodge: Dodged            |    22 |     5 ||    27

Table legend: (Time is in decaauts)
 A = Elapsed time spent in this place.
 B = Non-inter-level travel time spent in this place.
 C = Inter-level travel time spent in this place.
 D = Time resting spent in this place.
 E = Time spent auto-exploring this place.
 F = Levels seen in this place.
 G = Mean time per level.
                   A        B        C        D        E       F      G
               +--------+--------+--------+--------+--------+-----+--------+
         Total |   3481 |   3322 |    159 |    138 |   2802 |   3 | 1160.3 |
       Dungeon |   3481 |   3322 |    159 |    138 |   2802 |   3 | 1160.3 |
               +--------+--------+--------+--------+--------+-----+--------+

Top non-repeatable levels by time:
     D:1: 1473 daAuts
     D:2: 1440 daAuts
     D:3: 568 daAuts
